[Event "Titled Tuesday Blitz August 1 Early 2023"]
[White "Koshulyan, Egor A."]
[Black "Der_Balak_3Halak"]
[WhiteFideId "24237000"]
[WhiteElo "2665"]
[BlackElo "2405"]
[Result "0-1"]
[Round "4"]
[TimeControl "180+1"]
[Date "2023.08.01"]
[WhiteClock "0:00:32"]
[BlackClock "0:00:16"]
[Board "146"]

1. e4 c5 2. Nf3 Nc6 3. d4 cxd4 4. Nxd4 Nf6 5. Nc3 g6 6. Nxc6 bxc6 7. e5 Ng8 8. Bc4 Bg7 9. Qe2 Nh6 10. O-O O-O 11. Bf4 d5 12. exd6 exd6 13. Rad1 Nf5 14. Bb3 a5 15. a4 d5 16. Rfe1 Nd4 17. Qd2 Nxb3 18. cxb3 Be6 19. Ne2 c5 20. Rc1 Qe7 21. Nc3 Rfd8 22. Nb5 Rac8 23. Qxa5 Bxb2 24. Rc2 Qf6 25. Qd2 c4 26. Bg5 c3 27. Qe3 d4 28. Bxf6 dxe3 29. Bxd8 Bxb3 30. fxe3 Bxc2 31. Bf6 Bxa4 32. Bxc3 Bxc3 33. Nxc3 Rxc3 34. Kf2 Rc2+ 35. Kg3 Bc6 36. e4 f5 37. exf5 Rxg2+ 38. Kf4 Rf2+ 39. Kg4 gxf5+ 40. Kg5 Be4 41. Kf6 Rxh2 42. Rg1+ Rg2 43. Ra1 Rg6+ 44. Ke5 h5 45. Ra7 Rg7 46. Kf4 Rxa7 0-1


[Site "https://www.chess.com"]

[Event "Titled Tuesday Blitz August 1 Early 2023"]
[White "Kvaloy, Aksel Bu"]
[Black "Diaz Herquinio, Brahian"]
[WhiteFideId "1528815"]
[BlackFideId "3809480"]
[WhiteElo "2635"]
[BlackElo "2404"]
[Result "1-0"]
[Round "4"]
[TimeControl "180+1"]
[Date "2023.08.01"]
[WhiteClock "0:01:02"]
[BlackClock "0:00:00"]
[Board "147"]

1. b3 d5 2. Bb2 e6 3. e3 Nf6 4. f4 Be7 5. Nf3 O-O 6. Be2 c5 7. O-O Nfd7 8. d3 Bf6 9. Nc3 Nc6 10. e4 dxe4 11. dxe4 Nb6 12. e5 Be7 13. Ne4 Nd5 14. Qd2 b6 15. c4 Nc7 16. Rad1 Bb7 17. Nd6 Qb8 18. Nxb7 Qxb7 19. Bd3 Rad8 20. Qe2 Nd4 21. Nxd4 cxd4 22. Be4 Qa6 23. a4 g6 24. Kh1 Bc5 25. h4 Ne8 26. h5 Ng7 27. g4 Rd7 28. h6 Ne8 29. g5 Qc8 30. Kg2 a5 31. Qd3 Nc7 32. Bc6 Rdd8 33. Bb5 Nxb5 34. axb5 Qb7+ 35. Qf3 Qa7 36. Ra1 Rd7 37. Rfd1 Rfd8 38. Rd3 Qc7 39. Qe4 Qa7 40. Kf3 Kf8 41. Qc6 Rc7 42. Qe4 Rcd7 43. Ra2 Ke7 44. Ba1 Rc7 45. Kg2 Rcd7 46. Bb2 Kf8 47. Ra1 Qc7 48. Rad1 Qa7 49. Bxd4 Bxd4 50. Rxd4 Rxd4 51. Rxd4 Rc8 52. Qd3 1-0


[Site "https://www.chess.com"]

[Event "Titled Tuesday Blitz August 1 Early 2023"]
[White "JonSnowNW1"]
[Black "Iskusnyh, Sergei"]
[BlackFideId "4120027"]
[WhiteElo "2402"]
[BlackElo "2620"]
[Result "0-1"]
[Round "4"]
[TimeControl "180+1"]
[Date "2023.08.01"]
[WhiteClock "0:00:00"]
[BlackClock "0:00:23"]
[Board "148"]

1. c4 e5 2. Nc3 Bb4 3. e4 d6 4. Nge2 Nc6 5. g3 Nge7 6. Bg2 O-O 7. O-O f5 8. d3 Bxc3 9. Nxc3 f4 10. f3 Ng6 11. Bd2 Nd4 12. g4 Nh4 13. Be1 h5 14. h3 Be6 15. Ne2 Nxe2+ 16. Qxe2 Kf7 17. Qf2 Ng6 18. gxh5 Ne7 19. Qh4 Nc6 20. Qxd8 Raxd8 21. Bf2 Rh8 22. h4 Rxh5 23. Rfd1 Ne7 24. Kf1 Ng6 25. Ke2 Nxh4 26. Rh1 Rdh8 27. Bh3 Bxh3 28. Rxh3 Ng6 29. Rxh5 Rxh5 30. Bxa7 b6 31. Rf1 Ne7 32. Bb8 Nc8 33. Bxc7 Ke7 34. a4 Kd7 35. Bb8 Ne7 36. a5 Nc6 37. a6 Nd4+ 38. Kd2 Rh2+ 0-1


[Site "https://www.chess.com"]

[Event "Titled Tuesday Blitz August 1 Early 2023"]
[White "Lizak, Peter"]
[Black "Dishman, Stephen"]
[WhiteFideId "731595"]
[BlackFideId "403024"]
[WhiteElo "2614"]
[BlackElo "2402"]
[Result "1-0"]
[Round "4"]
[TimeControl "180+1"]
[Date "2023.08.01"]
[WhiteClock "0:00:31"]
[BlackClock "0:00:00"]
[Board "149"]

1. d4 d5 2. Nf3 Nf6 3. c4 c6 4. e3 Bf5 5. Nc3 e6 6. Qb3 Qb6 7. Qxb6 axb6 8. Nh4 Bc2 9. Kd2 Bg6 10. Nxg6 hxg6 11. f3 Bd6 12. h3 Nbd7 13. Kc2 dxc4 14. Bxc4 e5 15. d5 b5 16. Bb3 Nc5 17. Rd1 Ke7 18. e4 Nxb3 19. Kxb3 b4 20. Na4 b5 21. Nb6 Ra6 22. Be3 c5 23. Rac1 c4+ 24. Nxc4 bxc4+ 25. Rxc4 Rha8 26. Bc5 Nd7 27. Bxb4 Bxb4 28. Rxb4 Rxa2 29. Rb7 R2a7 30. Rxa7 Rxa7 31. Kc4 Kd6 32. b4 Rb7 33. Ra1 Nb6+ 34. Kc3 f5 35. Ra6 Kc7 36. b5 fxe4 37. fxe4 g5 38. Kb4 Nc8 39. Kc5 Kd7 40. b6 Nd6 41. Ra8 Nxe4+ 42. Kb5 Nd6+ 43. Ka6 e4 44. Rg8 e3 45. Rxg7+ Kd8 46. Rg6 e2 47. Rxd6+ 1-0


[Site "https://www.chess.com"]

[Event "Titled Tuesday Blitz August 1 Early 2023"]
[White "Silva Lucena, Cristian"]
[Black "Perdomo, Carlos Andres"]
[WhiteFideId "2232588"]
[BlackFideId "4400852"]
[WhiteElo "2399"]
[BlackElo "2607"]
[Result "1-0"]
[Round "4"]
[TimeControl "180+1"]
[Date "2023.08.01"]
[WhiteClock "0:01:51"]
[BlackClock "0:00:07"]
[Board "150"]

1. e4 c5 2. Nf3 e6 3. d4 cxd4 4. Nxd4 Nc6 5. Nc3 a6 6. g3 Qc7 7. Bg2 d6 8. O-O Bd7 9. Re1 Nf6 10. Nxc6 Bxc6 11. Nd5 Bxd5 12. exd5 e5 13. f4 Be7 14. fxe5 dxe5 15. c4 O-O 16. b3 Bd6 17. Bb2 b5 18. Rc1 bxc4 19. Rxc4 Qe7 20. Qe2 Rfe8 21. Rc6 a5 22. Qc4 Nd7 23. Kh1 f6 24. Ba3 Bxa3 25. d6+ Qf7 26. Bd5 Rf8 27. Bxf7+ Rxf7 28. Rc8+ Rxc8 29. Qxc8+ Nf8 30. Rd1 Rd7 31. Qc4+ Rf7 32. d7 Be7 33. d8=Q Bxd8 34. Rxd8 1-0


[Site "https://www.chess.com"]

[Event "Titled Tuesday Blitz August 1 Early 2023"]
[White "Bazilius, Augustinas"]
[Black "Burmakin, Vladimir"]
[WhiteFideId "12832251"]
[BlackFideId "4105109"]
[WhiteElo "2398"]
[BlackElo "2606"]
[Result "1-0"]
[Round "4"]
[TimeControl "180+1"]
[Date "2023.08.01"]
[WhiteClock "0:00:12"]
[BlackClock "0:00:43"]
[Board "151"]

1. d4 d5 2. c4 e6 3. Nf3 Nf6 4. g3 Bb4+ 5. Bd2 Be7 6. Bg2 O-O 7. O-O c6 8. Qc2 b6 9. Bf4 Bb7 10. Rd1 Nbd7 11. Nc3 dxc4 12. Nd2 Nd5 13. Nxc4 Nxf4 14. gxf4 Rc8 15. e3 Qc7 16. Ne5 Nf6 17. Ne4 Qb8 18. Nxf6+ Bxf6 19. Nd7 Qd6 20. Nxf8 Qxf8 21. Rac1 Qd6 22. Qa4 a6 23. Qb3 b5 24. a4 Bd8 25. axb5 axb5 26. Rc2 Bc7 27. Rdc1 Bb8 28. d5 exd5 29. Bxd5 Qd7 30. Bg2 h6 31. Qc3 g5 32. Qf6 Qg4 33. Qxh6 gxf4 34. Qh3 Qg6 35. Rc5 fxe3 36. fxe3 Re8 37. Rh5 Qg7 38. Rh4 Bc8 39. Qf3 Ba7 40. Re4 Rxe4 41. Qxe4 Bd7 42. Qf3 Qg5 43. Re1 Bb8 44. Kf2 Bxh2 45. Rh1 Be5 46. Kf1 Kf8 47. Rh5 Qg7 48. Qe4 f6 49. Rh7 Qg4 50. Qxg4 Bxg4 51. Bxc6 b4 52. Rb7 Bxb2 53. Rxb4 Bc3 54. Rxg4 Ke7 55. Re4+ Kd6 56. Rc4 Be5 57. Bg2 f5 58. Rc2 Ke6 59. e4 f4 60. Bf3 Bd4 61. Kg2 Be3 62. Ra2 Ke5 63. Ra4 Kf6 64. Rc4 Kg5 65. Kf1 Kh4 66. Ke2 Kg3 67. Rc3 Bd4 68. Rd3 Be5 69. Rd5 Bc3 70. e5 Kh4 71. e6 Bf6 72. Rf5 Bg5 73. Rxg5 1-0


[Site "https://www.chess.com"]

[Event "Titled Tuesday Blitz August 1 Early 2023"]
[White "Ovchinnikov, Vsevolod"]
[Black "Fisabilillah, Ummi"]
[WhiteFideId "24176842"]
[BlackFideId "7104804"]
[WhiteElo "2602"]
[BlackElo "2396"]
[Result "1/2-1/2"]
[Round "4"]
[TimeControl "180+1"]
[Date "2023.08.01"]
[WhiteClock "0:00:10"]
[BlackClock "0:00:18"]
[Board "152"]

1. d4 d5 2. c4 c6 3. Nf3 Nf6 4. g3 a6 5. Nbd2 Bf5 6. Bg2 e6 7. O-O Nbd7 8. Nh4 Bg4 9. h3 Bh5 10. g4 Bg6 11. Nxg6 hxg6 12. e3 Bb4 13. b3 Qc7 14. a3 Bd6 15. Re1 e5 16. e4 dxe4 17. Nxe4 Nxe4 18. Rxe4 O-O 19. dxe5 Bxe5 20. Ra2 Nf6 21. Ree2 Rad8 22. Rad2 Bf4 23. Rxd8 Rxd8 24. Qc2 Bxc1 25. Qxc1 Qd6 26. Re3 Nh7 27. b4 Nf8 28. c5 Qd7 29. Bf1 Ne6 30. Rf3 Qd1 31. Qxd1 Rxd1 32. Kg2 Nd4 33. Rd3 Rxd3 34. Bxd3 Kf8 35. f4 Ke7 36. Kf2 Ne6 37. Ke3 Nc7 38. Ke4 Nd5 39. g5 Nc3+ 40. Kd4 Nd5 41. f5 gxf5 42. Bxf5 Kd8 43. h4 Nc7 44. Ke5 Nb5 45. a4 Nc3 46. a5 Nd5 47. h5 Ke7 48. h6 gxh6 49. gxh6 Kf8 50. Bc8 Nxb4 51. Bxb7 Kg8 52. Kd4 Kh7 53. Kc4 Nd5 54. Bxc6 Nc7 55. Be4+ Kxh6 56. c6 Kg7 57. Kc5 Kf8 58. Kd6 Ne8+ 59. Ke5 Ke7 60. Bd3 Nc7 61. Bc4 f6+ 62. Kf5 Kd6 63. Kxf6 Kxc6 64. Ke5 Kc5 65. Be2 Kb4 66. Kd6 Nb5+ 67. Kd7 Kxa5 68. Bf1 Kb4 69. Kc6 a5 70. Bxb5 a4 71. Bxa4 1/2-1/2


[Site "https://www.chess.com"]

[Event "Titled Tuesday Blitz August 1 Early 2023"]
[White "brm72"]
[Black "Namitbir Singh Walia"]
[BlackFideId "35071068"]
[WhiteElo "2597"]
[BlackElo "2393"]
[Result "1-0"]
[Round "4"]
[TimeControl "180+1"]
[Date "2023.08.01"]
[WhiteClock "0:00:04"]
[BlackClock "0:00:08"]
[Board "153"]

1. e4 c5 2. Nf3 Nc6 3. Bb5 e5 4. O-O Bd6 5. d3 a6 6. Ba4 Nf6 7. Nbd2 b5 8. Bb3 O-O 9. a4 Bb7 10. Re1 h6 11. Nf1 Nd4 12. Nxd4 cxd4 13. Ng3 Bb4 14. Rf1 d5 15. exd5 Nxd5 16. Nf5 Ne7 17. Ng3 Kh8 18. Qh5 Ng8 19. Qxe5 Re8 20. Qf4 Nf6 21. Bxf7 Rf8 22. Bb3 Nd5 23. Qxd4 Ba5 24. Nh5 Rf7 25. Bxh6 Bb6 26. Bxg7+ Kg8 27. Qg4 Qc8 28. Qg6 Qf5 29. Qh6 Qh7 30. Bxd5 Bxd5 31. Nf6+ Rxf6 32. Qxf6 Bc7 33. h3 Qxg7 34. Qxg7+ Kxg7 35. axb5 axb5 36. Rxa8 Bxa8 37. Ra1 1-0


[Site "https://www.chess.com"]

[Event "Titled Tuesday Blitz August 1 Early 2023"]
[White "Gombocz, Ferenc Jr."]
[Black "vishwa_vijeta"]
[WhiteFideId "775029"]
[WhiteElo "2391"]
[BlackElo "2584"]
[Result "0-1"]
[Round "4"]
[TimeControl "180+1"]
[Date "2023.08.01"]
[WhiteClock "0:00:06"]
[BlackClock "0:00:06"]
[Board "154"]

1. c4 c5 2. g3 g6 3. Bg2 Bg7 4. Nc3 Nc6 5. Nf3 e5 6. O-O Nge7 7. Ne1 O-O 8. Nc2 d6 9. Ne3 f5 10. Ned5 Be6 11. d3 Qd7 12. Rb1 f4 13. a3 Nd4 14. e3 fxe3 15. fxe3 Nxd5 16. Bxd5 Bxd5 17. Nxd5 Nc6 18. b4 b6 19. Bb2 e4 20. dxe4 Bxb2 21. Rxb2 Qe6 22. Rbf2 Rxf2 23. Rxf2 Rf8 24. Rxf8+ Kxf8 25. Nf4 Qxe4 26. Qxd6+ Kg7 27. Ne6+ Kh6 28. Qf8+ Kh5 29. Ng7+ Kg4 30. Qf2 Ne5 31. Qe2+ Kh3 32. Qf1+ Kg4 33. Qe2+ Qf3 34. Qxf3+ Kxf3 35. bxc5 bxc5 36. Ne6 Nxc4 37. Nxc5 Kxe3 38. a4 Kd4 39. Nb7 a5 40. Kf1 Kc3 41. Ke2 Kb4 42. Kd3 Nb2+ 43. Kc2 Nxa4 44. Nd6 Nc5 45. Ne8 a4 46. Nf6 a3 47. Nd5+ Kc4 48. Nb6+ Kb5 49. Nd5 Ka4 50. Nc3+ Ka5 51. Kb1 Kb4 52. Ne4 Nxe4 0-1


[Site "https://www.chess.com"]

[Event "Titled Tuesday Blitz August 1 Early 2023"]
[White "jimmy-schlumpf"]
[Black "Hajiyev, Kanan"]
[BlackFideId "13404148"]
[WhiteElo "2388"]
[BlackElo "2570"]
[Result "1-0"]
[Round "4"]
[TimeControl "180+1"]
[Date "2023.08.01"]
[WhiteClock "0:00:09"]
[BlackClock "0:00:12"]
[Board "155"]

1. d4 Nf6 2. Nf3 e6 3. c4 b6 4. g3 Bb7 5. Bg2 Bb4+ 6. Bd2 Be7 7. O-O O-O 8. Nc3 Ne4 9. Qc2 Nxd2 10. Qxd2 d6 11. e4 Nd7 12. Rad1 Qc8 13. Rfe1 e5 14. Bh3 exd4 15. Nxd4 Qd8 16. Nd5 Ne5 17. f4 c5 18. fxe5 cxd4 19. e6 fxe6 20. Bxe6+ Kh8 21. Qxd4 Bxd5 22. Qxd5 Bf6 23. b3 Be5 24. Kg2 Qg5 25. Rf1 Qe3 26. Bg4 Qg5 27. Be2 h5 28. Rf5 Rxf5 29. Qxa8+ Kh7 30. exf5 h4 31. Qf3 hxg3 32. Qh5+ Qxh5 33. Bxh5 gxh2 34. Bf3 Kh6 35. Be4 Kg5 36. Rf1 Kg4 37. Rf3 a5 38. a4 Kh4 39. Rf2 Kg4 40. Rf1 Kg5 41. Rf3 Kg4 42. Rh3 Kf4 43. Bb1 Kg4 44. Rh8 Kf4 45. Rb8 Ke3 46. Rxb6 Kd2 47. Rb5 Kc1 48. Be4 Kb2 49. Rxa5 Kxb3 50. Rb5+ Kxc4 51. Rb1 d5 52. Bxd5+ Kxd5 53. a5 Kc5 54. a6 Kc6 55. a7 Kd6 56. a8=Q Ke7 57. Qb7+ Kf6 58. Re1 Kxf5 59. Rxe5+ Kxe5 60. Qxg7+ Kf5 61. Kxh2 Kf4 62. Qf6+ Ke4 63. Kg3 Ke3 64. Qe5+ Kd3 65. Kf2 Kc4 66. Qd6 Kc3 67. Ke3 Kc4 68. Qc6+ Kb4 69. Kd3 Kb3 70. Qb6+ Ka4 71. Kc4 Ka3 72. Qb3# 1-0


[Site "https://www.chess.com"]

[Event "Titled Tuesday Blitz August 1 Early 2023"]
[White "Bueno, Alfeu Junior Varela"]
[Black "robertoalejandro10"]
[WhiteFideId "2108879"]
[WhiteElo "2383"]
[BlackElo "2570"]
[Result "1-0"]
[Round "4"]
[TimeControl "180+1"]
[Date "2023.08.01"]
[WhiteClock "0:00:13"]
[BlackClock "0:00:00"]
[Board "156"]

1. e4 c5 2. Nc3 g6 3. f4 Bg7 4. Nf3 Nc6 5. Bb5 Nd4 6. O-O Nxb5 7. Nxb5 a6 8. Nc3 d6 9. d3 e6 10. Be3 Ne7 11. d4 b6 12. dxc5 dxc5 13. Qxd8+ Kxd8 14. Ne5 Rf8 15. a4 f6 16. Nc4 Kc7 17. a5 b5 18. Nb6 Rb8 19. Bxc5 Re8 20. Rad1 Nc6 21. Bd6+ Kb7 22. Bxb8 Kxb8 23. Nxc8 Kxc8 24. Rd6 Kc7 25. Rfd1 Re7 26. g3 Rf7 27. Na2 e5 28. c3 Bf8 29. Re6 Bc5+ 30. Kg2 exf4 31. gxf4 g5 32. fxg5 fxg5 33. Rf1 Rg7 34. Nc1 Bd6 35. Rff6 Rd7 36. Rh6 Nd8 37. Re8 Bf4 38. Ne2 Rd2 39. Kf3 Nc6 40. Rxh7+ Kd6 41. b4 Ne5+ 42. Kf2 Nd3+ 43. Kf1 Rd1+ 44. Kg2 Rd2 45. Rd8+ Ke6 46. Rxd3 Rxd3 47. Rh6+ Ke5 48. Rxa6 Kxe4 49. Rb6 Rd2 50. Kf1 Rd1+ 51. Kf2 Be3+ 52. Kg2 Rd2 53. Re6+ Kd3 54. Kf3 1-0


[Site "https://www.chess.com"]

[Event "Titled Tuesday Blitz August 1 Early 2023"]
[White "Kashlinskaya, Alina"]
[Black "Eggleston, Thomas A"]
[WhiteFideId "4198026"]
[BlackFideId "412139"]
[WhiteElo "2569"]
[BlackElo "2382"]
[Result "1-0"]
[Round "4"]
[TimeControl "180+1"]
[Date "2023.08.01"]
[WhiteClock "0:00:31"]
[BlackClock "0:00:01"]
[Board "157"]

1. Nf3 Nf6 2. g3 d5 3. Bg2 e6 4. O-O Be7 5. d4 O-O 6. b3 Ne4 7. c4 f5 8. Nbd2 Bf6 9. e3 c6 10. a4 a5 11. Ba3 Re8 12. Ne5 Na6 13. Nxe4 fxe4 14. f3 exf3 15. Qxf3 Nb4 16. Rad1 Qc7 17. Qh5 Rf8 18. Rf2 Bd7 19. Rdf1 Bxe5 20. dxe5 Rxf2 21. Rxf2 Be8 22. Qf3 Bg6 23. Bh3 Qxe5 24. Bb2 Qe4 25. Qxe4 Bxe4 26. Bxe6+ Kh8 27. Rf7 h5 28. Rxg7 Nd3 29. Rg8+ Kh7 30. Rxa8 Nxb2 31. Rxa5 dxc4 32. bxc4 Nd1 33. Rxh5+ Kg6 34. Re5 Nc3 35. Bc8 Kf6 36. Re6+ Kf7 37. Rh6 c5 38. a5 Nd1 39. Bxb7 Bxb7 40. Rh7+ Kf6 41. Rxb7 Nxe3 42. a6 Nxc4 43. a7 Nd6 44. Rb6 Ke7 45. a8=Q Nc8 46. Qxc8 Kf7 47. Qc7+ Ke8 48. Rb8# 1-0


[Site "https://www.chess.com"]

[Event "Titled Tuesday Blitz August 1 Early 2023"]
[White "Ahmad, Khagan"]
[Black "Rosenberg, Evan S"]
[WhiteFideId "13431552"]
[BlackFideId "2019299"]
[WhiteElo "2569"]
[BlackElo "2382"]
[Result "0-1"]
[Round "4"]
[TimeControl "180+1"]
[Date "2023.08.01"]
[WhiteClock "0:00:00"]
[BlackClock "0:00:11"]
[Board "158"]

1. e4 c5 2. Nf3 g6 3. c3 d5 4. e5 Nc6 5. d4 Bg4 6. Be2 Bxf3 7. Bxf3 e6 8. Be3 Qb6 9. Qb3 Qxb3 10. axb3 cxd4 11. cxd4 h5 12. Nc3 a6 13. Kd2 Nh6 14. Rhd1 Nf5 15. Ke2 Rc8 16. g3 Bh6 17. Na4 Nxe3 18. fxe3 Nb4 19. Rdc1 Ke7 20. Kd2 Rc6 21. Rxc6 Nxc6 22. Nc5 Nxd4 23. Bd1 Nf5 24. Nxb7 Nxe3 25. Rxa6 Nc4+ 26. Ke2 Nxe5 27. Ra7 Kf6 28. Nd6 Rd8 29. Nb5 Rb8 30. Nd6 Rd8 31. Nb5 Bf8 32. Bc2 Bc5 33. Rc7 Bg1 34. h3 g5 35. Bd1 g4 36. Kf1 Bh2 37. Kg2 Nf3 38. Bxf3 gxf3+ 39. Kxh2 d4 40. Rc2 d3 41. Rd2 e5 42. Kg1 e4 43. Kf2 Ke5 44. Ke3 Rg8 45. Nc3 f5 46. Kf2 h4 47. gxh4 f4 48. Rd1 Rg2+ 49. Kf1 Rxb2 50. h5 Rh2 51. h6 Rxh3 52. Nxe4 Kxe4 53. Kf2 Rh2+ 54. Kg1 Rxh6 55. Re1+ Kd4 56. Kf2 Rh3 57. Rc1 d2 58. Rd1 Kd3 0-1


[Site "https://www.chess.com"]

[Event "Titled Tuesday Blitz August 1 Early 2023"]
[White "Spichkin, Alexander"]
[Black "Nurgaliyeva, Zarina"]
[WhiteFideId "4144074"]
[BlackFideId "13730096"]
[WhiteElo "2376"]
[BlackElo "2567"]
[Result "1-0"]
[Round "4"]
[TimeControl "180+1"]
[Date "2023.08.01"]
[WhiteClock "0:00:46"]
[BlackClock "0:00:00"]
[Board "159"]

1. f4 d5 2. Nf3 Nf6 3. e3 h6 4. Be2 Bf5 5. b3 e6 6. O-O Be7 7. Bb2 O-O 8. Ne5 Nbd7 9. d3 c5 10. Nd2 Rc8 11. g4 Bh7 12. Ndf3 Nxe5 13. Nxe5 Nd7 14. Qe1 Nxe5 15. Bxe5 Bf6 16. Bxf6 Qxf6 17. Qg3 c4 18. bxc4 dxc4 19. h4 Qb2 20. g5 hxg5 21. hxg5 Qxc2 22. Bh5 Bxd3 23. Rf2 Qc3 24. Rd1 g6 25. Bf3 Kg7 26. e4 Bxe4 27. Rd7 Rcd8 28. Rc7 Rd1+ 29. Kg2 Qe1 30. Qh2 Bxf3+ 31. Kxf3 Rd3+ 32. Kg4 Qd1+ 33. Re2 Rh8 34. Qg2 Re3 35. Rxf7+ Kg8 36. Rg7+ Kf8 37. Rf7+ Ke8 38. Re7+ Kd8 39. Rd7+ Kxd7 40. Qxb7+ Kd6 41. Qa6+ Kd5 42. Qb7+ Kd4 43. Qd7+ Kc3 44. Qxd1 1-0


[Site "https://www.chess.com"]

[Event "Titled Tuesday Blitz August 1 Early 2023"]
[White "Pinero Rodriguez, Carlos Jose"]
[Black "Foerster-Yialamas, Lucas"]
[WhiteFideId "3901726"]
[BlackFideId "30901774"]
[WhiteElo "2547"]
[BlackElo "2375"]
[Result "0-1"]
[Round "4"]
[TimeControl "180+1"]
[Date "2023.08.01"]
[WhiteClock "0:00:32"]
[BlackClock "0:00:18"]
[Board "160"]

1. b3 e5 2. Bb2 Nc6 3. e3 g6 4. c4 Bg7 5. g3 Nge7 6. Bg2 d5 7. cxd5 Nxd5 8. a3 Be6 9. Ne2 O-O 10. O-O Qd7 11. Nbc3 Rad8 12. Ne4 Qe7 13. Qc2 f5 14. Nc5 b6 15. Nxe6 Qxe6 16. Rac1 Nce7 17. b4 Rc8 18. Qa4 e4 19. Bxg7 Kxg7 20. Nd4 Qe5 21. Rc2 c5 22. bxc5 Rxc5 23. Rxc5 bxc5 24. Ne2 Qc7 25. Rc1 Rc8 26. f3 Nb6 27. Qb5 exf3 28. Bxf3 Qd7 29. Qb2+ Kh6 30. Nf4 Ned5 31. Nxd5 Nxd5 32. Qe5 Nb6 33. Rc2 c4 34. Qf4+ g5 35. Be2 gxf4 0-1


[Site "https://www.chess.com"]

[Event "Titled Tuesday Blitz August 1 Early 2023"]
[White "Han, Yichen"]
[Black "Eynullayev, Altay"]
[WhiteFideId "1054430"]
[BlackFideId "13413562"]
[WhiteElo "2373"]
[BlackElo "2536"]
[Result "1-0"]
[Round "4"]
[TimeControl "180+1"]
[Date "2023.08.01"]
[WhiteClock "0:00:11"]
[BlackClock "0:00:04"]
[Board "161"]

1. Nf3 Nf6 2. g3 e6 3. Bg2 d5 4. O-O Be7 5. d3 O-O 6. Nbd2 c5 7. e4 Nc6 8. Re1 b5 9. e5 Nd7 10. Nf1 a5 11. h4 b4 12. c3 a4 13. a3 bxc3 14. bxc3 Ba6 15. h5 h6 16. N1h2 Re8 17. Bf4 Na5 18. Rb1 Nb3 19. Ng4 Bf8 20. Qe2 Rb8 21. Qe3 d4 22. cxd4 cxd4 23. Nxd4 Bc5 24. Rxb3 Rxb3 25. Be4 Nf8 26. Bxh6 Bxd4 27. Qf4 Bxe5 28. Nxe5 f6 29. Bxg7 Kxg7 30. Qg4+ 1-0


[Site "https://www.chess.com"]

[Event "Titled Tuesday Blitz August 1 Early 2023"]
[White "Andreev, Konstantin"]
[Black "Rodriguez Santiago, Jaime"]
[WhiteFideId "24239305"]
[BlackFideId "3100898"]
[WhiteElo "2536"]
[BlackElo "2371"]
[Result "1-0"]
[Round "4"]
[TimeControl "180+1"]
[Date "2023.08.01"]
[WhiteClock "0:00:27"]
[BlackClock "0:00:00"]
[Board "162"]

1. e4 c6 2. d4 d5 3. e5 Bf5 4. Nf3 e6 5. Be2 h6 6. O-O Ne7 7. Nbd2 Nd7 8. a4 g5 9. Nb3 Qc7 10. a5 Bg4 11. Bd2 Nf5 12. h3 Bxf3 13. Bxf3 c5 14. c3 c4 15. Nc1 a6 16. Bh5 Nb8 17. Ne2 Nc6 18. f4 Ng7 19. Bf3 gxf4 20. Nxf4 Nxa5 21. Bxd5 Nb3 22. Ra4 Nxd2 23. Qxd2 exd5 24. Nxd5 Qc6 25. Nf6+ Kd8 26. Ra5 b5 27. Kh1 Ra7 28. d5 Qb6 29. Raa1 Bc5 30. d6 Ne8 31. Nd5 Qc6 32. Rf5 Rg8 33. Raf1 Rg7 34. Nf4 Rg3 35. Kh2 Rg7 36. Nh5 Rg6 37. Rxf7 Rxf7 38. Rxf7 Be3 39. Qe2 Qe4 40. Ng3 Rxg3 41. Kxg3 Bf4+ 42. Kf2 Qxe2+ 43. Kxe2 Bxe5 44. Ra7 Nxd6 45. Rxa6 Kd7 46. Ke3 Ke6 47. g4 Kd5 48. h4 Bf6 49. g5 1-0


[Site "https://www.chess.com"]

[Event "Titled Tuesday Blitz August 1 Early 2023"]
[White "Streltsov, Alexey"]
[Black "Llanos, Guillermo"]
[WhiteFideId "24104434"]
[BlackFideId "100358"]
[WhiteElo "2527"]
[BlackElo "2371"]
[Result "0-1"]
[Round "4"]
[TimeControl "180+1"]
[Date "2023.08.01"]
[WhiteClock "0:00:07"]
[BlackClock "0:00:21"]
[Board "163"]

1. d4 Nf6 2. Bf4 b6 3. Nc3 Bb7 4. f3 d5 5. e3 e6 6. Nb5 Na6 7. a4 c6 8. Na3 Bd6 9. Nh3 O-O 10. c3 h6 11. Bd3 Nh5 12. Qe2 Nxf4 13. exf4 Nc7 14. g3 Qd7 15. Nf2 a6 16. b4 Rfe8 17. O-O Qe7 18. Nc2 a5 19. Rfb1 Bc8 20. Kg2 Bd7 21. h4 Ra7 22. Ng4 Rea8 23. f5 exf5 24. Qxe7 Bxe7 25. Ne5 Be8 26. bxa5 bxa5 27. Bxf5 c5 28. Ne3 g6 29. Bd7 cxd4 30. cxd4 Bxd7 31. Nxd7 Bb4 32. Rc1 Rd8 33. Nf6+ Kg7 34. Rxc7 Rxc7 35. Nfxd5 Rcd7 36. Nxb4 axb4 37. d5 Ra8 38. a5 b3 39. Rb1 Rb7 40. Nc4 Rb4 41. Nd2 b2 42. Kf2 Rxa5 43. d6 Rd5 44. Ke3 Rxd6 45. Ne4 Ra6 46. Kd3 Ra1 47. Nc3 Rb3 0-1


[Site "https://www.chess.com"]

[Event "Titled Tuesday Blitz August 1 Early 2023"]
[White "Shapiro, Viktor"]
[Black "Gauravthegm"]
[WhiteFideId "4175700"]
[WhiteElo "2522"]
[BlackElo "2370"]
[Result "0-1"]
[Round "4"]
[TimeControl "180+1"]
[Date "2023.08.01"]
[WhiteClock "0:00:34"]
[BlackClock "0:00:30"]
[Board "164"]

1. c4 c5 2. Nc3 Nc6 3. Nf3 Nf6 4. g3 g6 5. Bg2 Bg7 6. O-O O-O 7. d3 d6 8. a3 Rb8 9. Rb1 a5 10. Ne1 Bd7 11. Nc2 Ne8 12. Bd2 Nc7 13. b4 axb4 14. axb4 cxb4 15. Nxb4 Nxb4 16. Rxb4 b5 17. cxb5 Nxb5 18. Nxb5 Rxb5 19. Rxb5 Bxb5 20. Qb3 Bd7 21. Rb1 Bg4 22. Kf1 Qc8 23. Bg5 Re8 24. Qb7 Qc2 25. Bf3 Bxf3 26. exf3 Bd4 27. Be3 Bxe3 28. fxe3 Qxh2 29. g4 Qh1+ 30. Kf2 Qh2+ 31. Kf1 Qd2 32. Rb3 Qxe3 33. Qc6 Rf8 34. Kg2 Qd2+ 35. Kg3 Qe1+ 36. Kg2 Qe2+ 37. Kg3 Qe5+ 38. Kg2 h5 39. Rb4 Qe2+ 40. Kg3 Qe1+ 0-1


[Site "https://www.chess.com"]

[Event "Titled Tuesday Blitz August 1 Early 2023"]
[White "Rodchenkov, Sergey D."]
[Black "Li, Hui"]
[WhiteFideId "4168712"]
[BlackFideId "15400310"]
[WhiteElo "2514"]
[BlackElo "2370"]
[Result "1-0"]
[Round "4"]
[TimeControl "180+1"]
[Date "2023.08.01"]
[WhiteClock "0:00:21"]
[BlackClock "0:00:00"]
[Board "165"]

1. e4 e5 2. Nf3 Nf6 3. d4 exd4 4. e5 Ne4 5. Qxd4 d5 6. exd6 Nxd6 7. Nc3 Nc6 8. Qf4 Be6 9. Be3 Nf5 10. Rd1 Bd6 11. Qe4 Nxe3 12. Qxe3 Qe7 13. Bb5 O-O 14. O-O Rfe8 15. Rfe1 Qf6 16. b3 h6 17. Ne4 Qe7 18. Nxd6 cxd6 19. Qf4 Rad8 20. Nd4 Qc7 21. Bxc6 bxc6 22. c4 Qa5 23. Nxc6 Qxa2 24. Nxd8 Rxd8 25. Qg3 Qa3 26. h3 a5 27. Re3 a4 28. bxa4 Qxa4 29. Rxd6 Rxd6 30. Qxd6 Qxc4 31. Qd8+ Kh7 32. Qd3+ Qxd3 33. Rxd3 g5 34. g4 Kg6 35. Rd6 Kf6 36. f3 Ke7 37. Ra6 Kf8 38. Kf2 Kg7 39. Ra7 h5 40. Kg3 hxg4 41. fxg4 Bd5 42. Ra5 Be6 43. Rxg5+ Kh6 44. Ra5 Kg6 45. h4 Kh6 46. h5 Bb3 47. Kh4 Bc2 48. Ra6+ Kg7 49. g5 Bd3 50. Rf6 Bc2 51. Kg3 Bd1 52. h6+ Kg8 53. Kf4 Bc2 54. Ke5 Bg6 55. Kd6 Kf8 56. Rf2 Bh7 57. Rb2 f6 58. gxf6 Bf5 59. Ke5 Bg6 60. h7 Bxh7 61. Rb8+ Kf7 62. Rb7+ Kg8 63. Rg7+ Kh8 64. Rg3 Bg8 65. Kd6 Bb3 66. Ke7 1-0


[Site "https://www.chess.com"]

[Event "Titled Tuesday Blitz August 1 Early 2023"]
[White "Lopez Gracia, Fernando"]
[Black "Khamdamova, Afruza"]
[WhiteFideId "2207184"]
[BlackFideId "14210444"]
[WhiteElo "2366"]
[BlackElo "2510"]
[Result "1-0"]
[Round "4"]
[TimeControl "180+1"]
[Date "2023.08.01"]
[WhiteClock "0:00:35"]
[BlackClock "0:00:00"]
[Board "166"]

1. e4 e5 2. Nf3 Nc6 3. d4 exd4 4. Nxd4 Nf6 5. Nc3 Bb4 6. Nxc6 bxc6 7. Bd3 O-O 8. O-O d5 9. exd5 cxd5 10. Bg5 c6 11. Na4 Bd6 12. h3 Rb8 13. c3 h6 14. Bh4 Be6 15. Bc2 Re8 16. Qd4 Rb7 17. Rfe1 Be7 18. Rad1 Nd7 19. Bxe7 Qxe7 20. f4 Qf6 21. f5 Qxd4+ 22. cxd4 Nf6 23. fxe6 fxe6 24. a3 Kf7 25. b4 Rbe7 26. Nc5 e5 27. dxe5 Rxe5 28. Rxe5 Rxe5 29. Kf2 Re7 30. Re1 Rc7 31. Ne6 Rd7 32. Bf5 Rd6 33. Nd4 g6 34. Re6 Rd8 35. Bd3 Rc8 36. Rxc6 Re8 37. Rc7+ Kg8 38. Bxg6 Ne4+ 39. Kg1 Rf8 40. Nf5 Rf6 41. Nxh6+ Kf8 42. Rf7+ Rxf7 43. Bxf7 d4 44. Bb3 d3 45. Ng4 d2 46. Ne3 Nc3 47. Nd1 Ne4 48. Kf1 Ke7 49. Ke2 Kd6 50. Bc2 1-0


[Site "https://www.chess.com"]